Map: [TLMC18] Goldenaura

Players

Reycer - Winner!

  • Race: Zerg Zerg
  • League: Master
  • Spawn Location: 5:00

IIIIIIIIIIII

  • Race: Terran Terran
  • League: Master
  • Spawn Location: 12:00

VOD

Have the link to the VOD?

Description

Time

  • Played on: Nov. 21, 2023, 12:06 p.m.
  • Length: 12:59
Show
View Real Time Build Order
Export as new Build Order

Reycer Zerg - Winner!

Build Orders: Hatch First 

Get SALT Encoding   

  12  0:00  Drone  
  13  0:12  Overlord  
  13  0:16  Drone  
  14  0:30  Drone x2  
  16  0:49  Hatchery  
  15  0:51  Drone  
  15  0:54  Drone  
  17  0:58  Drone  
  18  1:08  Extractor  
  17  1:14  Spawning Pool  
  17  1:17  Drone  
  17  1:20  Drone  
  18  1:27  Drone  
  19  1:39  Drone  
  20  1:49  Drone  
  21  2:00  Queen  
  21  2:01  Zergling x4, Queen  
  27  2:10  Overlord  
  27  2:18  Hatchery  
  27  2:22  Drone  
  27  2:26  Drone  
  27  2:29  Drone  
  29  2:36  Queen  
  31  2:45  Overlord  
  31  2:52  Metabolic Boost  
  31  2:55  Drone x4  
  35  2:58  Drone  
  36  3:06  Drone x2  
  36  3:07  Drone  
  36  3:08  Drone  
  36  3:09  Drone  
  41  3:15  Queen  
  43  3:27  Drone  
  43  3:30  Queen  
  43  3:32  Queen  
  43  3:34  Drone x2  
  50  3:37  Overlord  
  50  3:39  Overlord  
  50  3:55  Queen  
  52  3:57  Drone x4  
  52  3:58  Drone  
  52  4:02  Drone  
  58  4:03  Spore Crawler  
  58  4:08  Spore Crawler  
  56  4:17  Drone x2  
  58  4:22  Overlord  
  58  4:27  Overlord  
  58  4:40  Queen x3  
  58  4:41  Drone  
  58  4:43  Extractor, Evolution Chamber  
  58  4:44  Evolution Chamber  
  62  4:47  Overlord  
  62  4:48  Drone x3  
  62  4:49  Drone x3  
  68  4:53  Drone x6  
  74  5:05  Overlord  
  74  5:08  Zerg Ground Armor Level 1  
  74  5:09  Zerg Melee Weapons Level 1  
  74  5:12  Drone x8  
  82  5:24  Hatchery  
  82  5:27  Lair  
  81  5:29  Drone x4  
  81  5:30  Baneling Nest  
  81  5:33  Zergling x4  
  81  5:34  Extractor  
  81  5:35  Extractor  
  84  5:41  Overlord  
  84  5:42  Hatchery  
  83  5:49  Overlord  
  83  5:53  Zergling x6  
  85  6:03  Drone x2  
  81  6:06  Drone x7  
  86  6:11  Drone  
  87  6:24  Zergling x2  
  87  6:25  Zergling x4  
  90  6:26  Centrifugal Hooks  
  90  6:27  Queen  
  90  6:29  Drone x2  
  90  6:30  Drone  
  95  6:36  Drone x4, Queen  
  101  6:42  Spore Crawler  
  101  6:43  Zergling x10  
  105  6:49  Overlord x2  
  105  6:50  Zergling x2  
  105  6:51  Baneling x10  
  105  6:53  Queen  
  108  6:55  Overseer  
  108  6:57  Zergling x12  
  108  6:58  Zergling x2  
  108  6:59  Hatchery  
  114  7:02  Overseer  
  114  7:06  Drone x4  
  118  7:09  Zergling x12  
  124  7:17  Zerg Melee Weapons Level 2, Zerg Ground Armor Level 2  
  124  7:20  Zergling x8, Drone  
  129  7:26  Overlord  
  129  7:31  Zergling x8  
  129  7:35  Drone  
  129  7:36  Extractor, Hydralisk Den  
  132  7:40  Zergling x4  
  134  7:51  Zergling x16  
  134  7:53  Baneling x3  
  134  7:54  Baneling  
  142  7:59  Overseer  
  141  8:07  Baneling x2  
  141  8:12  Grooved Spines  
  141  8:15  Drone, Hatchery  
  141  8:24  Zergling x12  
  141  8:26  Overlord x4  
  141  8:28  Baneling x13  
  139  8:35  Baneling x8  
  139  8:39  Zergling x12  
  141  8:49  Zergling x44  
  141  8:53  Hydralisk x2  
  165  8:57  Zergling x4  
  165  9:02  Muscular Augments  
  167  9:05  Zergling x2  
  167  9:06  Zergling x6  
  150  9:20  Hydralisk x11  
  150  9:21  Overlord x3  
  172  9:28  Drone x6  
  178  9:32  Zergling x4  
  178  9:37  Baneling x8  
  180  9:38  Overseer  
  180  9:44  Extractor, Drone  
  180  9:45  Drone x3, Extractor  
  182  9:48  Spore Crawler  
  178  9:56  Baneling x5  
  177  10:04  Zergling x36  
  189  10:13  Zergling x16  
  178  10:16  Zergling x4  
  178  10:20  Infestation Pit  
  179  10:21  Zerg Missile Weapons Level 1  
  179  10:23  Extractor  
  179  10:26  Drone x6  
  184  10:35  Zergling x8  
  181  10:48  Baneling x2  
  181  10:49  Baneling x6  
  181  10:54  Zergling x28, Extractor  
  181  10:55  Extractor  
  182  10:58  Zergling x8  
  182  11:00  Pneumatized Carapace  
  182  11:04  Hive  
  185  11:05  Burrow  
  185  11:08  Zergling x16  
  185  11:11  Spine Crawler  
  192  11:14  Spine Crawler  
  192  11:15  Hatchery  
  178  11:19  Zergling x16  
  178  11:23  Baneling x9  
  178  11:24  Zergling x6  
  189  11:26  Baneling  
  189  11:27  Baneling x8  
  189  11:34  Drone x6  
  194  11:50  Zergling x14  
  187  12:05  Zergling x42  
  185  12:10  Drone x3  
  185  12:13  Zergling x10  
  188  12:20  Hydralisk x3, Baneling x17  
  194  12:25  Zergling x2  
  194  12:26  Zergling x14  
  187  12:34  Zergling x16  
  187  12:35  Zergling x2  
  174  12:39  Zergling x10  
Show
View Real Time Build Order
Export as new Build Order

IIIIIIIIIIII Terran 

Build Orders: Reaper Expand 

Get SALT Encoding   

  12  0:00  SCV  
  13  0:12  SCV  
  14  0:17  Supply Depot  
  14  0:25  SCV  
  15  0:39  SCV  
  15  0:40  Barracks  
  16  0:44  Refinery  
  16  0:51  SCV  
  17  1:03  SCV  
  18  1:15  SCV  
  19  1:27  Orbital Command, Reaper  
  20  1:41  Command Center  
  20  1:49  Supply Depot  
  20  1:53  SCV  
  21  1:59  Marine  
  22  2:05  SCV  
  23  2:13  Factory  
  23  2:17  SCV  
  23  2:21  Barracks Reactor  
  24  2:29  SCV  
  25  2:40  Command Center  
  25  2:42  SCV  
  26  2:54  Orbital Command, SCV  
  27  3:00  Starport  
  27  3:05  Refinery  
  27  3:08  SCV  
  27  3:11  Hellion  
  30  3:17  Hellion  
  30  3:19  SCV  
  33  3:22  SCV  
  34  3:31  SCV  
  37  3:34  Hellion, SCV  
  37  3:37  Viking  
  37  3:40  Hellion  
  42  3:43  SCV  
  42  3:46  SCV  
  44  3:53  Orbital Command  
  44  3:54  Barracks Tech Lab  
  44  3:55  SCV  
  44  3:58  SCV  
  44  3:59  Hellion  
  50  4:03  Hellion  
  50  4:09  SCV  
  51  4:11  Supply Depot, SCV  
  51  4:12  Liberator  
  55  4:19  SCV  
  55  4:21  Hellion, SCV  
  55  4:23  SCV  
  60  4:30  Stimpack  
  60  4:31  SCV  
  60  4:33  SCV, Supply Depot  
  60  4:35  SCV  
  63  4:43  SCV  
  63  4:45  SCV  
  65  4:47  Barracks, SCV  
  65  4:48  Barracks  
  66  4:53  Factory Reactor, Refinery  
  66  4:54  Refinery  
  66  4:56  Supply Depot  
  66  4:57  Engineering Bay  
  66  4:58  Engineering Bay  
  66  5:04  Starport Reactor  
  66  5:05  SCV x2  
  67  5:17  SCV  
  67  5:18  SCV  
  67  5:19  Supply Depot  
  68  5:23  Orbital Command  
  68  5:28  Barracks  
  68  5:29  SCV  
  68  5:30  Barracks, SCV  
  70  5:37  Marine x3  
  70  5:39  Factory Tech Lab  
  70  5:41  SCV  
  70  5:42  Marine, SCV  
  75  5:43  Medivac x2, Marine  
  75  5:46  Terran Infantry Weapons Level 1, Terran Infantry Armor Level 1  
  78  5:52  Supply Depot  
  78  5:53  SCV  
  78  5:54  SCV  
  78  5:55  Marine  
  75  6:08  SCV x3  
  71  6:12  Supply Depot  
  71  6:13  Supply Depot  
  71  6:15  Combat Shield  
  71  6:16  Medivac  
  71  6:17  Marine x4, Medivac  
  79  6:19  Barracks Reactor  
  79  6:20  SCV x2  
  79  6:23  Siege Tank  
  84  6:26  Barracks Reactor  
  84  6:30  SCV  
  84  6:32  SCV x2  
  87  6:34  Supply Depot  
  87  6:40  Refinery x2  
  87  6:42  SCV, Marine x4  
  87  6:43  Marine  
  93  6:50  SCV x2  
  95  6:55  Medivac x2  
  95  6:59  Armory  
  95  7:00  Marine x3  
  102  7:01  Marine x2  
  102  7:02  Marine  
  102  7:08  Command Center  
  105  7:11  Marine x3  
  105  7:12  Siege Tank  
  111  7:16  Factory  
  111  7:17  SCV x3  
  111  7:18  Marine x3  
  111  7:20  Marine x3  
  120  7:25  Medivac  
  120  7:29  Marine x2  
  122  7:30  Marine  
  122  7:36  Marine x3  
  126  7:41  Supply Depot  
  126  7:42  Supply Depot x2  
  126  7:46  Marine  
  126  7:47  Siege Tank, Marine  
  131  7:52  Marine x2  
  131  7:54  Barracks x2, Terran Infantry Weapons Level 2  
  131  7:55  Barracks  
  131  7:57  Terran Infantry Armor Level 2  
  133  8:01  Factory Reactor  
  133  8:03  Drilling Claws  
  133  8:07  Marine  
  133  8:08  Marine x4  
  138  8:16  Marine x4  
  138  8:17  Medivac x2  
  138  8:18  SCV x2  
  150  8:20  SCV, Widow Mine  
  150  8:24  Terran Vehicle And Ship Armor Level 1  
  138  8:37  Marine x4  
  138  8:38  Marine x2  
  141  8:41  Widow Mine  
  141  8:43  Marine x3, Widow Mine x2  
  141  8:46  SCV x3  
  151  8:50  Planetary Fortress  
  151  8:55  Marine x5  
  155  8:56  Marine  
  155  8:59  Medivac x2  
  155  9:00  Barracks Reactor x3  
  155  9:01  Marine x2  
  155  9:02  Barracks Tech Lab x3, Widow Mine  
  165  9:04  Widow Mine  
  167  9:13  SCV x3  
  145  9:17  Marine x4  
  145  9:18  Widow Mine  
  145  9:24  Widow Mine  
  151  9:28  Supply Depot x2  
  155  9:34  Concussive Shells, Marauder x4  
  163  9:38  Refinery  
  163  9:40  Refinery  
  163  9:42  Command Center  
  159  9:45  SCV  
  159  9:46  Sensor Tower, SCV x3  
  159  9:47  Sensor Tower  
  163  9:55  Marauder  
  165  10:07  Marine x3  
  165  10:08  Marauder  
  133  10:15  Marauder x2, Marine x4  
  133  10:16  Widow Mine, Marine  
  133  10:17  Marauder, Medivac x2, Widow Mine x2  
  151  10:25  Marine x2  
  153  10:29  Marauder  
  155  10:37  Marauder x2  
  158  10:43  Marauder, Marine x6  
  158  10:44  Marine x2  
  158  10:46  Ghost Academy  
  158  10:47  Siege Tank, Widow Mine x2  
  175  10:50  Marauder  
  174  10:58  Marauder, Marine  
  174  11:01  Marine  
  178  11:04  Marauder  
  178  11:07  Marine  
  178  11:08  Marine x6  
  187  11:12  Marauder  
  178  11:18  Marine  
  178  11:25  Command Center  
  179  11:26  Marine  
  180  11:33  Marauder  
  180  11:42  Marine x2  
  180  11:50  Supply Depot x2  
  180  11:51  Supply Depot  
  180  11:57  Marine  
  180  11:58  Marine x3  
  180  11:59  Marine x2  
  180  12:01  Marauder  
  159  12:10  Marine  
  159  12:11  Widow Mine x3  
  160  12:22  Marauder  
  162  12:28  Unknown x3  
  161  12:33  Widow Mine x3  
Tags
 
Add a new tag
Caveats
  • Supply blocks, unpowered buildings, or Contaminate may cause inaccurate times.
  • Supply counts are checked every 10 seconds.